 Dungeon Crawl Stone Soup version 0.29-a0-344-ge2f44be95a (webtiles) character file.

Game seed: 17559768977800419379

1092 Shayle the Sneak (level 8, -6/48 HPs)
             Began as a Tengu Brigand on Apr 22, 2022.
             Mangled by a wolf (11 damage)
             ... on level 8 of the Dungeon.
             The game lasted 00:15:02 (4309 turns).

Shayle the Sneak (Tengu Brigand)                    Turns: 4309, Time: 00:15:02

Health: -6/48      AC:  3    Str: 11    XL:     8   Next: 31%
Magic:  5/9        EV: 17    Int: 14    God:
Gold:   187        SH:  0    Dex: 16    Spells: 6/7 levels left

rFire   . . .      SeeInvis +   a - +2 dagger
rCold   . . .      Faith    .   (no shield)
rNeg    . . .      Spirit   .   b - +0 robe
rPois   .          Reflect  .   (helmet restricted)
rElec   .          Harm     .   c - +0 cloak
rCorr   .          Rampage  .   (no gloves)
Will    .....                   (boots unavailable)
Stlth   +++.......              (no amulet)
HPRegen 0.16/turn               (no ring)
MPRegen 0.11/turn               (no ring)

@: flying quickly and evasively, very slightly contaminated, quick
A: beak, talons 3, nimble flight, see invisible, deterioration 1
a: no special abilities


You were on level 8 of the Dungeon.
You visited 1 branch of the dungeon, and saw 6 of its levels.

You collected 187 gold pieces.

Inventory:

Hand Weapons
 a - a +2 dagger (weapon)
 k - a +1 vorpal mace
Missiles
 d - 8 poisoned darts (quivered)
 e - a curare-tipped dart
Armour
 b - a +0 robe (worn)
 c - a +0 cloak (worn)
 y - a +2 leather armour of cold resistance
Jewellery
 f - an amulet of guardian spirit
Wands
 w - a wand of digging (5)
 z - a wand of acid (1)
Scrolls
 g - 3 scrolls of identify {unknown}
 h - 3 scrolls of immolation {unknown}
 i - 2 scrolls of fear {unknown}
 l - 3 scrolls of blinking {unknown}
 o - 2 scrolls of teleportation {unknown}
 s - a scroll of amnesia {unknown}
 t - a scroll of noise {unknown}
 u - a scroll of vulnerability {unknown}
 v - a scroll of fog {unknown}
 x - a scroll of magic mapping {unknown}
 B - a scroll of enchant weapon {unknown}
Potions
 j - a potion of might {unknown}
 p - 2 potions of magic
 q - a potion of invisibility {unknown}
 r - a potion of flight
 A - a potion of attraction {unknown}


   Skills:
 + Level 4.9 Fighting
 - Level 4.4 Short Blades
 - Level 4.0 Throwing
 + Level 5.0 Dodging
 + Level 6.4 Stealth


You had 6 spell levels left.
You knew the following spells:

 Your Spells              Type           Power      Damage    Failure   Level
a - Foxfire               Conj/Fire      0%         2x1d4     28%         1

Your spell library contained the following spells:

 Spells                   Type           Power      Damage    Failure   Level
 Magic Dart               Conj           0%         1d3       28%         1
 Sandblast                Erth           0%         2d4       28%         1
 Call Imp                 Summ           0%         N/A       41%         2
 Passwall                 Tmut/Erth      0%         N/A       41%         2
 Conjure Flame            Conj/Fire      0%         6-21      65%         3
 Ignite Poison            Fire/Tmut/Pois 0%         N/A       65%         3
 Inner Flame              Hex/Fire       0%         N/A       65%         3
 Mephitic Cloud           Conj/Pois/Air  0%         N/A       65%         3
 Portal Projectile        Hex/Tloc       0%         N/A       65%         3
 Stone Arrow              Conj/Erth      0%         3d7       65%         3
 Summon Guardian Golem    Hex/Summ       0%         N/A       65%         3
 Flame Wave               Conj/Fire      0%         2d4       96%         4
 Blade Hands              Tmut           0%         N/A       100%        5
 Excruciating Wounds      Necr           0%         N/A       100%        5
 Freezing Cloud           Conj/Ice/Air   0%         6-21      100%        5
 Orb of Destruction       Conj           0%         9d5       100%        7
 Spellforged Servitor     Conj/Summ      0%         N/A       100%        7


Dungeon Overview and Level Annotations

Branches:
Dungeon (8/15)
 Temple: D:4-7         Lair: D:8-11

Altars:

Shops:
D:2 (::[


Innate Abilities, Weirdness & Mutations

You have a beak for a mouth.
You have claws for feet.
Your magical nature lets you fly swiftly and evasively.
You have supernaturally acute eyesight. (SInv)
Your body sometimes deteriorates upon taking damage.


Message History

You finish memorising.
Spell assigned to 'a'.
You start resting.
You feel sick. x5
You are no longer poisoned.
You start resting.
You hear the steady creaking of a very distant portcullis.
A wolf comes into view.
Casting: Foxfire (safe; 28% risk of failure)
Confirm with . or Enter, or press ? or * to list all spells.
You conjure some foxfire!
The wolf howls!
You hear an angry hiss.
The foxfire hits the wolf.
The wolf is lightly wounded.
Your foxfire dissipates!
The wolf misses you.
You see here a water moccasin corpse.
The wolf closely misses you.
Casting: Foxfire (safe; 28% risk of failure)
Confirm with . or Enter, or press ? or * to list all spells.
You miscast Foxfire.
You are very lightly contaminated with residual magic.
Nothing appears to happen.
The wolf closely misses you. x2
Casting: Foxfire (safe; 28% risk of failure)
Confirm with . or Enter, or press ? or * to list all spells.
You conjure some foxfire!
The wolf misses you.
You hit the wolf but do no damage. You claw the wolf, but do no damage.
The wolf is lightly wounded.
The foxfire hits the wolf but does no damage.
The wolf is lightly wounded.
The foxfire hits the wolf but does no damage.
The wolf is lightly wounded.
The wolf stops to sniff the ground.
The wolf misses you. The wolf bites you.
* * * LOW HITPOINT WARNING * * *
Casting: Foxfire (safe; 28% risk of failure)
Confirm with . or Enter, or press ? or * to list all spells.
You miscast Foxfire.
Nothing appears to happen.
The wolf closely misses you.
Casting: Foxfire (safe; 28% risk of failure)
Confirm with . or Enter, or press ? or * to list all spells.
You conjure some foxfire!
The wolf bites you!
You die...

#...# #...# #...#
##...### #......#
#.#.##.# ##### #.#.#
.# ##...###vh.# #
#.....##@<## .#
#..)...v§.###.#
#..)..##......#
#....#......########
#.####.##..........#
#...##.##.#.######.#
###.##.##...# #.#
#.# .###..# #.## #.#
.#.....# ##.#.###


You could see a wolf (ally target).

Vanquished Creatures
  Sigmund (D:3)
  2 water moccasins (D:8)
  An orc warrior (D:8)
  3 wolves (D:8)
  A hound (D:4)
  3 orc priests (D:3)
  3 orc wizards
  3 gnolls (D:2)
  9 adders
  A worm (D:3)
  A dart slug (D:4)
  6 orcs (D:3)
  7 ball pythons
  12 bats
  6 endoplasms
  7 giant cockroaches
  6 goblins
  5 hobgoblins
  3 jackals (D:4)
  5 quokkas
  6 kobolds
  4 rats
95 creatures vanquished.

Vanquished Creatures (others)
  3 foxfires (D:8)
  4 fungi (D:8)
  13 plants (D:8)
20 creatures vanquished.

Grand Total: 115 creatures vanquished

Notes
Turn   | Place    | Note
-------+----------+-------------------------------------------
     0 | D:1      | Shayle the Tengu Brigand began the quest for the Orb.
     0 | D:1      | Reached XP level 1. HP: 12/12 MP: 2/2
   347 | D:1      | Reached XP level 2. HP: 17/17 MP: 3/3
   880 | D:1      | Reached XP level 3. HP: 21/21 MP: 4/4
  1315 | D:2      | Found Awiff's Book Shoppe.
  1347 | D:2      | Reached XP level 4. HP: 23/27 MP: 5/5
  1445 | D:2      | Found Wohoipyu's Antique Weapon Shop.
  1766 | D:2      | Found Yngity's Book Boutique.
  1870 | D:2      | Found Birphae's Antique Armour Shop.
  1972 | D:2      | Gained mutation: Your magical nature lets you fly swiftly
                  | and evasively. [Tengu growth]
  1972 | D:2      | Reached XP level 5. HP: 26/32 MP: 6/6
  2163 | D:3      | Noticed Sigmund
  2183 | D:3      | Killed Sigmund
  2184 | D:3      | Reached skill level 5 in Stealth
  2184 | D:3      | Reached XP level 6. HP: 29/37 MP: 7/7
  2721 | D:3      | Reached XP level 7. HP: 28/41 MP: 8/8
  3854 | D:4      | You are sucked into a shaft and drop 3 floors!
  3890 | D:8      | Gained mutation: You are weak. (Str -2) [potion of
                  | mutation]
  3903 | D:8      | Lost mutation: You are weak. (Str -2) [potion of mutation]
  3903 | D:8      | Gained mutation: You have supernaturally acute eyesight.
                  | (SInv) [potion of mutation]
  3903 | D:8      | Gained mutation: Your body sometimes deteriorates upon
                  | taking damage. [potion of mutation]
  4265 | D:8      | Reached skill level 6 in Stealth
  4265 | D:8      | Reached XP level 8. HP: 10/48 MP: 9/9
  4280 | D:8      | Reached skill level 5 in Dodging
  4283 | D:8      | Learned a level 1 spell: Foxfire
  4309 | D:8      | Mangled by a wolf

Illustrated notes

Levels and vault maps discovered:
D:1:      erik_arrival_orb_chamber, layout_loops_ring, serial_co_window_serial,
          co_window_of_opportunity_a, co_window_paths_b,
          co_window_of_opportunity_a, co_window_of_opportunity_a,
          co_window_paths_b, co_window_corner_a, co_window_paths_a,
          co_window_2corner, co_window_2corner, co_window_unsneaky_path_a,
          co_window_broadway_b, glass_columns_a, glass_columns_a,
          glass_columns_a, glass_columns_b, glass_columns_a, minmay_liquid_box
D:2:      layout_loops_cross, serial_shops, shop, nicolae_shop_waterfront,
          nicolae_shop_statue_plus, nicolae_diamond_shop
D:3:      layout_basic, ebering_dispersal_statue_hall, uniq_sigmund
D:4:      layout_loops_cross
D:7:      layout_loops_cross, minmay_temple_entry_grid, serial_bayou_lagoon_a,
          hellmonk_guarded_unrand_frostbite
D:8:      layout_loops_cross, minmay_lair_entry_grove, enter_bailey_5,
          fountainhead, uniq_joseph

Skill      XL: |  1  2  3  4  5  6  7  8 |
---------------+-------------------------+-----
Dodging        | 2 3 4 5 |  5.0
Short Blades   | 3 4 |  4.4
Fighting       | 3 4 |  4.9
Throwing       | 3 4 |  4.0
Stealth        | 5 6 |  6.4

Action                   |  1- 3 |  4- 6 |  7- 9 || total
-------------------------+-------+-------+-------++-------
Melee: Dagger            |    53 |    98 |    72 ||   223
       Kick              |     4 |    23 |    22 ||    49
       Peck              |     6 |     8 |    15 ||    29
       Punch             |     1 |       |       ||     1
Throw: Dart              |       |    12 |     6 ||    18
 Cast: Foxfire           |       |       |     3 ||     3
Evoke: Wand              |       |       |     6 ||     6
  Use: Potion            |       |       |     7 ||     7
 Stab: Sleeping          |    10 |    11 |     5 ||    26
Armor: Robe              |    10 |    14 |     8 ||    32
Dodge: Dodged            |    22 |    26 |    69 ||   117

Table legend: (Time is in decaauts)
 A = Elapsed time spent in this place.
 B = Non-inter-level travel time spent in this place.
 C = Inter-level travel time spent in this place.
 D = Time resting spent in this place.
 E = Time spent auto-exploring this place.
 F = Levels seen in this place.
 G = Mean time per level.
                   A        B        C        D        E       F      G
               +--------+--------+--------+--------+--------+-----+--------+
         Total |   4139 |   4042 |     97 |    109 |   2826 |   6 |  689.8 |
       Dungeon |   4139 |   4042 |     97 |    109 |   2826 |   6 |  689.8 |
               +--------+--------+--------+--------+--------+-----+--------+

Top non-repeatable levels by time:
     D:3: 1193 daAuts
     D:1: 1129 daAuts
     D:2: 937 daAuts
     D:4: 447 daAuts
     D:8: 416 daAuts
     D:7: 14 daAuts
